[Event "Titled Tuesday Blitz March 01 Late 2022"]
[White "Rangel, Daniel"]
[Black "Vifleemskaia, Svetlana"]
[WhiteFideId "2124475"]
[BlackFideId "4129490"]
[WhiteElo "2187"]
[BlackElo "1901"]
[Result "0-1"]
[Round "06"]
[TimeControl "180+1"]
[Date "2022.03.02"]
[WhiteClock "0:00:04"]
[BlackClock "0:00:19"]

1. d4 Nf6 2. Nf3 d5 3. Bf4 c5 4. e3 Nc6 5. c3 Qb6 6. Qb3 c4 7. Qc2 Bf5 8. Qc1 e6 9. Nbd2 Qa5 10. Be2 b5 11. O-O Be7 12. b3 Ba3 13. Qd1 Qxc3 14. bxc4 dxc4 15. Ne5 Nxe5 16. dxe5 Bc2 17. Qe1 Nd5 18. Bf3 O-O 19. h4 Bb2 20. Rc1 Bxc1 21. Qxc1 b4 22. Bg5 Bd3 23. Qd1 Bxf1 24. Nxf1 Qd3 25. Qc1 c3 26. e4 Nb6 27. h5 Nc4 28. Qf4 Qd4 29. h6 Qxe5 30. Qh4 f6 31. hxg7 Qxg5 32. gxf8=Q+ Rxf8 33. Qh3 f5 34. Be2 Nd2 35. exf5 exf5 36. Nxd2 cxd2 37. Bc4+ Kg7 38. Qd3 Rd8 39. Qe3 d1=Q+ 40. Kh2 Qxe3 0-1


[Site "https://www.chess.com"]

[Event "Titled Tuesday Blitz March 01 Late 2022"]
[White "Romanchuk, Viktor"]
[Black "Jakubowska, Anna"]
[WhiteFideId "14109271"]
[BlackFideId "1121952"]
[WhiteElo "2242"]
[BlackElo "1924"]
[Result "1-0"]
[Round "06"]
[TimeControl "180+1"]
[Date "2022.03.02"]
[WhiteClock "0:02:27"]
[BlackClock "0:01:31"]

1. d4 d5 2. c4 c6 3. Nc3 Nf6 4. e3 e6 5. Nf3 Nbd7 6. Qc2 Bd6 7. b3 O-O 8. Bb2 Qe7 9. Be2 dxc4 10. bxc4 e5 11. O-O e4 12. Nd2 Re8 13. Rad1 Nf8 14. c5 Bb8 15. Nc4 Ng6 16. d5 cxd5 17. Nd6 Bxd6 18. cxd6 Qxd6 19. Nb5 Qe7 20. Nc7 Bg4 21. Bxf6 gxf6 22. Bxg4 Ne5 23. Bh3 f5 24. Nxa8 Rxa8 25. Rxd5 1-0


[Site "https://www.chess.com"]

[Event "Titled Tuesday Blitz March 01 Late 2022"]
[White "Rorrer, Grayson"]
[Black "Riehle, Marco"]
[WhiteFideId "30944996"]
[BlackFideId "12904392"]
[WhiteElo "2122"]
[BlackElo "2462"]
[Result "1-0"]
[Round "06"]
[TimeControl "180+1"]
[Date "2022.03.02"]
[WhiteClock "0:01:41"]
[BlackClock "0:01:19"]

1. e4 e5 2. Nc3 Nf6 3. d4 exd4 4. Qxd4 Nc6 5. Qd3 Bb4 6. Bd2 O-O 7. O-O-O Re8 8. Nge2 a5 9. Bg5 h6 10. Bh4 Ne5 11. Qg3 Ng6 12. Bxf6 Qxf6 13. Nd5 Qe6 14. Nd4 Qxe4 15. Nxc7 d5 16. Nxa8 Bf5 17. Nxf5 Qxf5 18. Nb6 Kh7 19. Bd3 Qh5 20. Nxd5 b5 21. Nf4 Qg5 22. Qxg5 hxg5 23. Nxg6 fxg6 24. c3 Bc5 25. f3 Kh6 26. Rhe1 Rh8 27. Bxb5 a4 28. Bxa4 g4 29. fxg4 Kg5 30. h3 Kf4 31. Rd5 Ba7 32. Rd7 Bb6 33. Rxg7 Kg3 34. Bc6 Rf8 35. Bf3 Kh2 36. Rxg6 Rd8 37. Rxb6 Rf8 38. Rbe6 Rd8 39. g5 Kg3 40. g6 Kf2 41. Re8 Rd7 42. R1e7 1-0


[Site "https://www.chess.com"]

[Event "Titled Tuesday Blitz March 01 Late 2022"]
[White "Rosen, Eric"]
[Black "Jaskolka, Tomasz"]
[WhiteFideId "2032562"]
[BlackFideId "1170791"]
[WhiteElo "2362"]
[BlackElo "2054"]
[Result "1-0"]
[Round "06"]
[TimeControl "180+1"]
[Date "2022.03.02"]
[WhiteClock "0:00:30"]
[BlackClock "0:00:33"]

1. d4 e6 2. Bf4 d5 3. e3 Nf6 4. Nf3 c5 5. Nbd2 Nc6 6. c3 Bd6 7. Bg3 O-O 8. Bb5 Ne7 9. Bd3 b6 10. e4 dxe4 11. Nxe4 Nxe4 12. Bxe4 Rb8 13. dxc5 Bxg3 14. Qxd8 Rxd8 15. hxg3 f5 16. c6 Nd5 17. Bxd5 Rxd5 18. Rd1 Ba6 19. Rxd5 exd5 20. Nd4 g6 21. Kd2 Re8 22. b4 Bc4 23. Re1 Rxe1 24. Kxe1 Kf7 25. c7 Ba6 26. Nb5 Ke7 27. Nxa7 Kd7 28. c8=Q+ Bxc8 29. Nxc8 Kxc8 30. Kd2 b5 31. Kc2 Kc7 32. Kb3 h5 33. a4 bxa4+ 34. Kxa4 g5 35. f4 h4 36. gxh4 gxf4 37. h5 Kc6 38. h6 1-0


[Site "https://www.chess.com"]

[Event "Titled Tuesday Blitz March 01 Late 2022"]
[White "Rudykh, Stepan"]
[Black "Carre, Sylvain"]
[WhiteFideId "4180321"]
[BlackFideId "642118"]
[WhiteElo "2122"]
[BlackElo "2105"]
[Result "0-1"]
[Round "06"]
[TimeControl "180+1"]
[Date "2022.03.02"]
[WhiteClock "0:00:02"]
[BlackClock "0:00:27"]

1. e4 e5 2. Nf3 Nf6 3. Nxe5 d6 4. Nf3 Nxe4 5. d4 d5 6. Bd3 Bd6 7. c4 c6 8. Nc3 Nxc3 9. bxc3 O-O 10. O-O Bg4 11. h3 Bh5 12. Be2 dxc4 13. Bxc4 b5 14. Bb3 Nd7 15. Qd3 Nb6 16. Ng5 Bg6 17. Qf3 Qc7 18. Ne4 Be7 19. Bf4 Qc8 20. Rfe1 Re8 21. Nd6 Bxd6 22. Bxd6 Qd7 23. Bc5 h6 24. Qg3 Nd5 25. a4 a6 26. axb5 axb5 27. Rxa8 Rxa8 28. Qe5 Nxc3 29. d5 Nxd5 30. Bd4 f6 31. Qg3 Kh7 32. Rc1 Ra3 33. h4 Qf5 34. Bc5 Qd3 0-1


[Site "https://www.chess.com"]

[Event "Titled Tuesday Blitz March 01 Late 2022"]
[White "Rudzinska, Michalina"]
[Black "Kaplan, Ebru"]
[WhiteFideId "1172883"]
[BlackFideId "6315194"]
[WhiteElo "1904"]
[BlackElo "1941"]
[Result "1-0"]
[Round "06"]
[TimeControl "180+1"]
[Date "2022.03.02"]
[WhiteClock "0:02:27"]
[BlackClock "0:02:27"]

1. Nf3 d5 2. b3 Nf6 3. Bb2 e6 4. e3 Be7 5. d4 O-O 6. Bd3 c5 7. O-O Nc6 8. Nbd2 b6 9. Qe2 Bb7 10. dxc5 Bxc5 11. e4 dxe4 12. Nxe4 Nb4 13. Nxf6+ gxf6 14. Rad1 Qe7 15. Nh4 Nxd3 16. Rxd3 Kh8 17. Rd7 1-0


[Site "https://www.chess.com"]

[Event "Titled Tuesday Blitz March 01 Late 2022"]
[White "Ruiz Aguilar, Pablo Alexander"]
[Black "Iskusnyh, Sergei"]
[WhiteFideId "4401352"]
[BlackFideId "4120027"]
[WhiteElo "2125"]
[BlackElo "2492"]
[Result "1-0"]
[Round "06"]
[TimeControl "180+1"]
[Date "2022.03.02"]
[WhiteClock "0:00:20"]
[BlackClock "0:00:02"]

1. e4 e6 2. d4 d5 3. e5 c5 4. c3 Nc6 5. Nf3 Qb6 6. a3 Nh6 7. b4 cxd4 8. cxd4 Nf5 9. Bb2 Bd7 10. Be2 Be7 11. O-O O-O 12. g4 Nh4 13. Nxh4 Bxh4 14. Kg2 f6 15. f4 fxe5 16. dxe5 a6 17. Nc3 Nxe5 18. fxe5 Rxf1 19. Qxf1 Rf8 20. Bf3 Bc6 21. Qe2 Rf4 22. Rf1 d4 23. Ne4 Bb5 24. Qd1 Bxf1+ 25. Qxf1 Qc6 26. Qd3 Kh8 27. Bxd4 Qd5 28. Qe3 Qa2+ 29. Kh3 Rf8 30. Qe2 Qd5 31. Bg1 Qd8 32. Nd6 Be7 33. Nxb7 Qc7 34. Nc5 a5 35. Nxe6 Qc3 36. Nxf8 Bxf8 37. e6 axb4 38. axb4 Qxb4 39. Bf2 Be7 40. Bh4 Bxh4 41. Kxh4 Qd6 42. e7 Qf6+ 43. Kh3 Qd6 44. e8=Q+ 1-0


[Site "https://www.chess.com"]

[Event "Titled Tuesday Blitz March 01 Late 2022"]
[White "Rustemov, Alexander"]
[Black "Hamley, Ryan"]
[WhiteFideId "4119002"]
[BlackFideId "30959497"]
[WhiteElo "2778"]
[BlackElo "2590"]
[Result "1-0"]
[Round "06"]
[TimeControl "180+1"]
[Date "2022.03.01"]
[WhiteClock "0:00:16"]
[BlackClock "0:00:01"]

1. d4 Nf6 2. c4 e6 3. Nf3 d5 4. Nc3 Bb4 5. Bg5 h6 6. Bxf6 Qxf6 7. e3 O-O 8. Qb3 Bxc3+ 9. bxc3 dxc4 10. Qxc4 Qe7 11. Be2 b6 12. Qb4 c5 13. dxc5 bxc5 14. Qa3 Bb7 15. O-O Nd7 16. Rab1 Be4 17. Rb5 Bc6 18. Ra5 Rfb8 19. Rd1 Bd5 20. c4 Bc6 21. h3 Rb7 22. Nd2 Rc7 23. Nb3 Qg5 24. Bf1 Be4 25. Ra6 Ne5 26. Kh1 Nxc4 27. Qc1 Nb6 28. f3 Bd5 29. e4 Qxc1 30. Rxc1 Bxb3 31. axb3 Rd8 32. Rca1 Rd2 33. Rxa7 Rxa7 34. Rxa7 Rd1 35. Kg1 Rb1 36. Ra3 Nd7 37. Kf2 Ne5 38. Be2 Nc6 39. f4 Nd4 40. Bd3 Rb2+ 41. Ke3 Nxb3 42. Ra8+ Kh7 43. e5+ g6 44. Rb8 Rxg2 45. Rxb3 Rg3+ 46. Ke4 Rxh3 47. Rb7 Kg7 48. Bc4 Kf8 49. Rc7 Kg7 50. Bxe6 Rh1 51. Rxf7+ Kh8 52. Rc7 Rc1 53. Kd5 Rf1 54. Rxc5 1-0


[Site "https://www.chess.com"]

[Event "Titled Tuesday Blitz March 01 Late 2022"]
[White "Sadilek, Peter"]
[Black "Ribeiro, Matheus Mendes Domingues"]
[WhiteFideId "1616439"]
[BlackFideId "324226923"]
[WhiteElo "2145"]
[BlackElo "1886"]
[Result "0-1"]
[Round "06"]
[TimeControl "180+1"]
[Date "2022.03.02"]
[WhiteClock "0:00:01"]
[BlackClock "0:01:37"]

1. d4 d5 2. c4 e6 3. Nf3 Nf6 4. g3 Be7 5. Bg2 O-O 6. b3 b6 7. O-O Bb7 8. Nc3 dxc4 9. bxc4 Nbd7 10. Bb2 c5 11. d5 exd5 12. cxd5 Re8 13. e4 Ng4 14. Qc2 Bf6 15. Rad1 Nge5 16. Nxe5 Nxe5 17. Nb5 a6 18. Na3 Rc8 19. h3 c4 20. Bd4 b5 21. Qc3 Nd3 22. Bxf6 gxf6 23. Nc2 Qd6 24. a3 Qe5 0-1


[Site "https://www.chess.com"]

[Event "Titled Tuesday Blitz March 01 Late 2022"]
[White "Sailer, Mike"]
[Black "Bon, Michael"]
[WhiteFideId "2012901"]
[BlackFideId "620696"]
[WhiteElo "2109"]
[BlackElo "2385"]
[Result "1-0"]
[Round "06"]
[TimeControl "180+1"]
[Date "2022.03.02"]
[WhiteClock "0:00:41"]
[BlackClock "0:00:03"]

1. d4 Nf6 2. Nf3 c5 3. Bf4 cxd4 4. Bxb8 Rxb8 5. Qxd4 b6 6. Nc3 Bb7 7. e4 e6 8. O-O-O Bc5 9. Qd2 Nxe4 10. Nxe4 Bxe4 11. Ne5 d6 12. Bb5+ Kf8 13. Nd7+ Kg8 14. Nxb8 Qxb8 15. b4 a6 16. Bf1 Qc7 17. bxc5 Qxc5 18. f3 Qa3+ 19. Kb1 Bd5 20. c4 Bb7 21. Qxd6 Qxd6 22. Rxd6 g6 23. Rd8+ 1-0


[Site "https://www.chess.com"]

[Event "Titled Tuesday Blitz March 01 Late 2022"]
[White "Saim, Mohamed Ilias"]
[Black "Kostiukov, Alexandr"]
[WhiteFideId "7900465"]
[BlackFideId "14108100"]
[WhiteElo "2006"]
[BlackElo "2202"]
[Result "0-1"]
[Round "06"]
[TimeControl "180+1"]
[Date "2022.03.02"]
[WhiteClock "0:00:08"]
[BlackClock "0:00:21"]

1. d4 g6 2. c4 Bg7 3. Nf3 d6 4. Nc3 e5 5. dxe5 dxe5 6. Qxd8+ Kxd8 7. Ng5 Nh6 8. Nf3 f6 9. Nd5 Nf7 10. e4 c6 11. Nc3 Be6 12. Be3 Nd7 13. O-O-O Bh6 14. Bxh6 Nxh6 15. Rd6 Ke7 16. Rd2 Rhd8 17. Be2 Nc5 18. Rhd1 Rxd2 19. Nxd2 a5 20. a3 Nf7 21. g3 Nd6 22. h4 Rc8 23. b4 axb4 24. axb4 Na6 25. c5 Nb5 26. Nxb5 cxb5 27. Bxb5 Nxb4 28. Ba4 Rxc5+ 29. Kb1 Na2 30. Nb3 Bxb3 31. Rd7+ Ke6 32. Rxb7 Nc3+ 33. Kb2 Bxa4 34. Rb6+ Ke7 35. Rb7+ Bd7 36. Kb3 Nxe4 37. f3 Rc3+ 38. Kb4 Rxf3 39. g4 Rf4 40. g5 Nd6+ 41. Ka5 Nxb7+ 42. Kb6 fxg5 0-1


[Site "https://www.chess.com"]

[Event "Titled Tuesday Blitz March 01 Late 2022"]
[White "Sargsyan, Anna M."]
[Black "Papasimakopoulos, Alexandros"]
[WhiteFideId "13308130"]
[BlackFideId "4244125"]
[WhiteElo "2271"]
[BlackElo "2340"]
[Result "1-0"]
[Round "06"]
[TimeControl "180+1"]
[Date "2022.03.01"]
[WhiteClock "0:00:51"]
[BlackClock "0:00:30"]

1. d4 e6 2. c4 Nf6 3. Nf3 Bb4+ 4. Bd2 Qe7 5. g3 Nc6 6. Bg2 Bxd2+ 7. Nbxd2 d6 8. O-O O-O 9. e4 e5 10. d5 Nb8 11. Ne1 a5 12. Nd3 Na6 13. Re1 c6 14. f4 Nb4 15. Nf2 Bd7 16. a3 Na6 17. Rc1 a4 18. Nf3 Ng4 19. Nd3 f5 20. fxe5 fxe4 21. Rxe4 Bf5 22. Re1 cxd5 23. cxd5 Bxd3 24. Qxd3 dxe5 25. d6 Qf7 26. h3 e4 27. Rxe4 Nf6 28. Re7 Qa2 29. Rxb7 Kh8 30. Ne5 Rad8 31. Qxa6 Qe6 32. Re7 Qg8 33. Qc4 Rxd6 34. Nf7+ Rxf7 35. Qxf7 h5 36. Qxg8+ Nxg8 37. Re8 Kh7 38. Be4+ g6 39. Rc7+ Rd7 40. Rxd7+ 1-0


[Site "https://www.chess.com"]

[Event "Titled Tuesday Blitz March 01 Late 2022"]
[White "Seo, Jung Min"]
[Black "Ibadov, Dashgyn"]
[WhiteFideId "1734687"]
[BlackFideId "24107514"]
[WhiteElo "2401"]
[BlackElo "2084"]
[Result "1-0"]
[Round "06"]
[TimeControl "180+1"]
[Date "2022.03.02"]
[WhiteClock "0:01:14"]
[BlackClock "0:00:21"]

1. d4 d5 2. c4 e6 3. Nf3 c6 4. Bg5 Be7 5. Bxe7 Qxe7 6. e3 Nf6 7. Nc3 b6 8. Qc2 Bb7 9. cxd5 exd5 10. Bd3 Nbd7 11. O-O O-O 12. Rfe1 c5 13. Rac1 Rac8 14. Qb1 Rfe8 15. b3 h6 16. Bf5 g6 17. Bh3 Kg7 18. Ne5 Rcd8 19. f4 Nxe5 20. fxe5 Ne4 21. Nxe4 dxe4 22. Qb2 cxd4 23. exd4 Bd5 24. g3 f6 25. Bg2 fxe5 26. Bxe4 Bxe4 27. Rxe4 Rxd4 28. Rxd4 exd4 29. Qxd4+ Kh7 30. Rf1 Rf8 31. Rxf8 Qxf8 32. Kg2 Qe7 33. Kf3 g5 34. Qe4+ Qxe4+ 35. Kxe4 Kg6 36. Ke5 Kf7 37. Kf5 Kg7 38. Ke6 h5 39. Kf5 Kh6 40. h3 1-0


[Site "https://www.chess.com"]

[Event "Titled Tuesday Blitz March 01 Late 2022"]
[White "Shuvalova, Polina"]
[Black "Mogranzini, Roberto"]
[WhiteFideId "24171760"]
[BlackFideId "810894"]
[WhiteElo "2355"]
[BlackElo "2469"]
[Result "1-0"]
[Round "06"]
[TimeControl "180+1"]
[Date "2022.03.02"]
[WhiteClock "0:00:10"]
[BlackClock "0:00:06"]

1. d4 Nf6 2. Nf3 d6 3. c4 g6 4. Nc3 Bf5 5. Qb3 Qc8 6. h3 Bg7 7. g4 Bd7 8. Bg2 Nc6 9. O-O O-O 10. Qc2 a6 11. d5 Na5 12. Nd2 c5 13. a4 e5 14. Ra3 Ne8 15. Nce4 f5 16. Ng5 Nc7 17. gxf5 Bxf5 18. e4 Bd7 19. Rg3 b5 20. b3 Rb8 21. Qc3 b4 22. Qd3 Qd8 23. h4 Qe7 24. Ndf3 h6 25. Nh3 Kh7 26. Kh1 Ne8 27. Rg1 Nf6 28. Bf1 Be8 29. Be2 Nh5 30. Nfg5+ hxg5 31. Bxh5 gxh5 32. Nxg5+ Kh8 33. Ne6 Bf6 34. Qe3 1-0


[Site "https://www.chess.com"]

[Event "Titled Tuesday Blitz March 01 Late 2022"]
[White "Song, Guannan Terry"]
[Black "Pace, Christopher"]
[WhiteFideId "2614189"]
[BlackFideId "2610167"]
[WhiteElo "2115"]
[BlackElo "2195"]
[Result "0-1"]
[Round "06"]
[TimeControl "180+1"]
[Date "2022.03.02"]
[WhiteClock "0:00:02"]
[BlackClock "0:00:10"]

1. e4 c5 2. Nc3 g6 3. f4 Bg7 4. Nf3 Nc6 5. Bb5 a6 6. Bxc6 dxc6 7. d3 Bg4 8. O-O Nf6 9. Qe1 Bxf3 10. Rxf3 c4 11. f5 cxd3 12. cxd3 Ng4 13. Bf4 Qb6+ 14. Kh1 Qxb2 15. Rc1 O-O 16. Ne2 Ne5 17. Rh3 Rad8 18. fxg6 fxg6 19. d4 Ng4 20. Rb1 Qxa2 21. Rf3 b5 22. h3 Nf6 23. Ng3 Rxd4 24. Be5 Rd2 25. Ra1 Qc2 26. Rc1 Qa2 27. Qf1 Nd7 28. Rxf8+ Nxf8 29. Bxg7 Kxg7 30. Rxc6 Rf2 31. Qd1 Rxg2 32. Qd4+ Kg8 33. Nf1 Rf2 0-1


[Site "https://www.chess.com"]

[Event "Titled Tuesday Blitz March 01 Late 2022"]
[White "Stanisz, Patryk"]
[Black "Vargas Pereda, Jesus Manue"]
[WhiteFideId "1123106"]
[BlackFideId "5115710"]
[WhiteElo "1876"]
[BlackElo "1775"]
[Result "1-0"]
[Round "06"]
[TimeControl "180+1"]
[Date "2022.03.02"]
[WhiteClock "0:00:22"]
[BlackClock "0:00:32"]

1. Nf3 Nf6 2. d4 g6 3. g3 Bg7 4. Bg2 O-O 5. O-O d6 6. Nbd2 Nbd7 7. c3 e5 8. e4 c5 9. dxe5 Nxe5 10. Nxe5 dxe5 11. Nc4 Qxd1 12. Rxd1 Re8 13. Bg5 Be6 14. Nd6 Re7 15. f4 exf4 16. gxf4 h6 17. Bxf6 Bxf6 18. e5 Bh4 19. Nxb7 Rb8 20. Rd8+ Rxd8 21. Nxd8 Bf5 22. Rd1 c4 23. Nc6 Rb7 24. Rd2 Be1 25. Rd1 Bh4 26. Nb4 Rb8 27. Rd2 a5 28. Nd5 Bd3 29. Be4 Be1 30. Nf6+ Kg7 31. Rd1 Bh4 32. Bxd3 cxd3 33. Rxd3 Bxf6 34. exf6+ Kxf6 35. Rd2 Kf5 36. Kf2 Kxf4 37. b3 f5 38. Rd4+ Ke5 39. Ra4 Rd8 40. Rxa5+ Kf4 41. Ra4+ Kg5 42. Ke3 Rd1 43. c4 Rh1 44. c5 Rxh2 45. c6 Rh1 46. c7 Rc1 47. Rc4 f4+ 48. Kd2 Rh1 49. c8=Q f3 50. Qg4+ Kf6 51. Rc6+ Kg7 52. Qxg6+ Kf8 53. Rc8+ Ke7 54. Re8+ 1-0


[Site "https://www.chess.com"]

[Event "Titled Tuesday Blitz March 01 Late 2022"]
[White "Tanenbaum, Zachary"]
[Black "Cupid, Kevin"]
[WhiteFideId "2060850"]
[BlackFideId "7700512"]
[WhiteElo "2168"]
[BlackElo "2096"]
[Result "1-0"]
[Round "06"]
[TimeControl "180+1"]
[Date "2022.03.02"]
[WhiteClock "0:00:13"]
[BlackClock "0:00:04"]

1. e4 c6 2. d4 d5 3. exd5 cxd5 4. Bd3 Nf6 5. c3 Nc6 6. Bf4 Bg4 7. Qb3 Qc8 8. Nd2 e6 9. Ngf3 Be7 10. O-O O-O 11. Qc2 Bh5 12. Ne5 Bg6 13. Nxg6 hxg6 14. Nf3 Nh5 15. Be3 Bd6 16. Qd2 Qc7 17. g3 a6 18. a4 Na5 19. Qe2 Nc4 20. Ng5 e5 21. dxe5 Bxe5 22. Nf3 Bf6 23. Bxc4 dxc4 24. Nd2 Rac8 25. Ne4 Be5 26. Rad1 Rfe8 27. Qf3 Nf6 28. Ng5 b5 29. axb5 axb5 30. Ra1 b4 31. Ra7 Qc6 32. Qxc6 Rxc6 33. Nxf7 bxc3 34. Nxe5 Rxe5 35. bxc3 Ng4 36. Bd4 Rh5 37. Rxg7+ Kf8 38. Ra1 Ne5 39. Bxe5 Rxe5 40. Raa7 Rf6 41. Rgc7 Re1+ 42. Kg2 Re8 43. Rxc4 Kg8 44. Rac7 Ref8 45. f4 Re6 46. Rc8 Kf7 47. R4c7+ Kg8 48. Rxf8+ Kxf8 49. Kf3 Rd6 50. c4 Rd2 51. h4 Rc2 52. c5 Rc3+ 53. Kg4 Rc4 54. Kg5 Rc3 55. g4 Rc4 56. c6 Ke8 57. h5 gxh5 58. gxh5 Kd8 59. Rd7+ Ke8 60. Rd6 Rc5+ 61. f5 Rc4 62. h6 Rc1 63. h7 Rh1 64. Rh6 Rg1+ 65. Kf4 Rf1+ 66. Ke4 Re1+ 67. Kf3 Re7 68. h8=Q+ 1-0


[Site "https://www.chess.com"]

[Event "Titled Tuesday Blitz March 01 Late 2022"]
[White "Tomb, Maroun"]
[Black "Avila Pavas, Santiago"]
[WhiteFideId "5300398"]
[BlackFideId "4437128"]
[WhiteElo "2562"]
[BlackElo "2242"]
[Result "1/2-1/2"]
[Round "06"]
[TimeControl "180+1"]
[Date "2022.03.01"]
[WhiteClock "0:00:09"]
[BlackClock "0:00:01"]

1. e4 Nf6 2. d3 e5 3. Nd2 Nc6 4. Be2 Bc5 5. Ngf3 O-O 6. c3 a5 7. h3 d5 8. Qc2 b6 9. Nf1 Ba6 10. Ng3 Ne7 11. Nxe5 Bd6 12. d4 Bb7 13. Bf3 Ba6 14. Be2 Bb7 15. Bd3 c5 16. O-O c4 17. Be2 Bxe5 18. dxe5 Nxe4 19. Nxe4 dxe4 20. Bxc4 Qc7 21. Qe2 Qxe5 22. f4 Qc7 23. Be3 Nf5 24. Bb5 Ng3 25. Qf2 Nxf1 26. Rxf1 Ba6 27. Bxb6 Qb7 28. Bxa6 Rxa6 29. Bd4 Qd5 30. b3 a4 31. b4 a3 32. f5 f6 33. Qe3 Re8 34. Rf2 Rc6 35. h4 Rc4 36. h5 h6 37. g4 Qd6 38. Kg2 Qd5 39. Re2 Rcc8 40. Rf2 Qc4 41. Re2 Qd3 42. Kf2 Qb1 43. Rd2 Rc4 44. Re2 Rcc8 45. Kg2 Kh7 46. Rd2 Rc4 47. Re2 Rc7 48. Rd2 Rec8 49. Re2 Re7 50. Rd2 Rcc7 51. Re2 Qd3 52. Kf2 Qd1 53. Kg2 Rc4 54. Qf2 e3 55. Qf3 Qb1 56. Qg3 Rec7 57. Qf3 Rxd4 58. cxd4 Rc2 59. Qxe3 Qxa2 60. Rxc2 Qxc2+ 61. Kg3 a2 62. Qe8 Qc7+ 63. Kh3 Qc3+ 64. Kg2 Qc2+ 65. Kg3 Qc7+ 66. Kg2 Qb7+ 67. Kg3 Qc7+ 1/2-1/2


[Site "https://www.chess.com"]

[Event "Titled Tuesday Blitz March 01 Late 2022"]
[White "Toncheva, Nadya"]
[Black "Al-Tarboush, Ward"]
[WhiteFideId "2924056"]
[BlackFideId "7601450"]
[WhiteElo "1920"]
[BlackElo "2276"]
[Result "0-1"]
[Round "06"]
[TimeControl "180+1"]
[Date "2022.03.02"]
[WhiteClock "0:00:01"]
[BlackClock "0:00:57"]

1. e4 b6 2. d4 Bb7 3. Bd3 e6 4. Nf3 c5 5. O-O cxd4 6. Nxd4 Bc5 7. Be3 Ne7 8. Nd2 Nbc6 9. N2f3 O-O 10. c3 Ng6 11. Qe2 f6 12. Rad1 Qe7 13. Rfe1 Nge5 14. Bc2 a5 15. Bb3 a4 16. Bc4 Nxc4 17. Qxc4 Ba6 18. Nxc6 dxc6 19. Bxc5 bxc5 20. Qxa4 Be2 21. Qxc6 Bxd1 22. Rxd1 Rfd8 23. Rxd8+ Rxd8 24. g3 Rb8 25. b3 Rb7 26. Nd2 Rc7 27. Qa8+ Kf7 28. Nc4 Ra7 29. Qh8 Rxa2 30. Qxh7 Qd8 31. Qh5+ Kg8 32. Qxc5 Ra1+ 33. Kg2 Qd1 34. Qc8+ Kh7 35. Qxe6 Qf1+ 36. Kf3 Qd1+ 37. Kg2 Qh1+ 38. Kh3 Qf1+ 39. Kh4 Qxf2 40. Qf5+ Qxf5 41. exf5 Rc1 42. Nd2 Rxc3 43. Ne4 Rxb3 44. Kg4 Rb2 45. h4 Rb4 46. Kf4 Kh6 47. Kf3 Kh5 48. Nf2 Rb3+ 49. Kf4 Rb4+ 50. Ne4 Rb5 51. Nf2 Rb1 52. Kf3 Rf1 53. Kg2 Re1 54. Kf3 g6 55. fxg6 Kxg6 56. g4 Ra1 57. Kf4 Ra4+ 58. Kf3 Kf7 59. Ne4 Ra3+ 60. Kf4 Ke6 61. g5 f5 62. Ng3 Ra4+ 63. Kf3 Ke5 64. h5 f4 65. Ne2 Ra3+ 66. Kf2 Rh3 0-1


[Site "https://www.chess.com"]

[Event "Titled Tuesday Blitz March 01 Late 2022"]
[White "Van Foreest, Jorden"]
[Black "Riazantsev, Alexander"]
[WhiteFideId "1039784"]
[BlackFideId "4125029"]
[WhiteElo "2609"]
[BlackElo "2595"]
[Result "0-1"]
[Round "06"]
[TimeControl "180+1"]
[Date "2022.03.01"]
[WhiteClock "0:00:03"]
[BlackClock "0:00:20"]

1. g3 d5 2. Nf3 Nd7 3. Nc3 Ngf6 4. d4 Nb6 5. Bg2 h6 6. a4 a5 7. Bf4 c6 8. Ne5 Bf5 9. O-O e6 10. Re1 Be7 11. e4 Bh7 12. exd5 Nbxd5 13. Nxd5 cxd5 14. c4 O-O 15. c5 Nd7 16. Ng4 Nb8 17. Nxh6+ gxh6 18. Bxh6 Bf6 19. Qg4+ Kh8 20. Bxf8 Qxf8 21. Qf4 Qd8 22. Ra3 Nc6 23. Rd1 Bc2 24. Re1 Nxd4 25. h4 Bg6 26. Qd2 Rc8 27. Rc3 Kg7 28. Kh2 Nc6 29. Rcc1 Nb4 30. Bf1 Qc7 31. Kg1 Qe7 32. Be2 Rxc5 33. h5 Be4 34. Rxc5 Qxc5 35. Qf4 Qd4 36. Rd1 Qxb2 37. h6+ Kh7 38. Rc1 Nc2 39. Kh2 Qe5 40. Qxe5 Bxe5 41. Rb1 Nb4 42. Rc1 Bc2 43. Rxc2 Nxc2 44. Bd3+ Kxh6 45. Bxc2 Kg7 46. f4 Bc3 47. Bd3 Bd2 48. Kg2 Kf6 49. Kf3 Ke7 50. g4 f6 51. Bc2 Kd6 52. Bb3 e5 53. fxe5+ fxe5 54. Bc2 Bg5 55. Ke2 Kc5 56. Bf5 e4 0-1


[Site "https://www.chess.com"]

[Event "Titled Tuesday Blitz March 01 Late 2022"]
[White "Villegas, Pierre"]
[Black "Suleymanli, Aydin"]
[WhiteFideId "654183"]
[BlackFideId "13413937"]
[WhiteElo "2410"]
[BlackElo "2529"]
[Result "0-1"]
[Round "06"]
[TimeControl "180+1"]
[Date "2022.03.01"]
[WhiteClock "0:01:09"]
[BlackClock "0:02:13"]

1. c4 Nf6 2. Nc3 g6 3. d4 d5 4. cxd5 Nxd5 5. e4 Nxc3 6. bxc3 Bg7 7. Nf3 c5 8. Bb5+ Bd7 9. Be2 Nc6 10. O-O cxd4 11. cxd4 Bg4 12. Rb1 Bxf3 13. Bxf3 Nxd4 14. Qa4+ b5 15. Qd1 O-O 16. Bb2 Rb8 17. Bxd4 Bxd4 18. Qb3 e5 19. g3 Qf6 20. Kg2 Rfc8 21. Rfc1 a6 22. Rc2 Rxc2 23. Qxc2 Qe6 24. a4 Rc8 25. Qd1 Qa2 26. axb5 Qxf2+ 27. Kh1 Rc2 0-1


[Site "https://www.chess.com"]

[Event "Titled Tuesday Blitz March 01 Late 2022"]
[White "Vine, Elzbieta"]
[Black "Ardila, Oscar Humberto"]
[WhiteFideId "1119320"]
[BlackFideId "4404742"]
[WhiteElo "1857"]
[BlackElo "1898"]
[Result "0-1"]
[Round "06"]
[TimeControl "180+1"]
[Date "2022.03.02"]
[WhiteClock "0:00:42"]
[BlackClock "0:02:16"]

1. e4 e5 2. Nf3 Nc6 3. Bb5 Nf6 4. O-O Nxe4 5. Re1 Nd6 6. Bxc6 bxc6 7. Rxe5+ Be7 8. Qe2 f6 9. Re3 Nf5 10. Re4 d5 11. Rg4 O-O 12. d4 Nd6 13. Rg3 Ne4 14. Rxg7+ Kxg7 15. Nh4 f5 16. Qh5 Bg5 17. Bxg5 Qxg5 0-1


[Site "https://www.chess.com"]

[Event "Titled Tuesday Blitz March 01 Late 2022"]
[White "Weetik, Vjacheslav"]
[Black "Tomiello, Mateus Costamilan"]
[WhiteFideId "4153472"]
[BlackFideId "22701958"]
[WhiteElo "2469"]
[BlackElo "1975"]
[Result "1-0"]
[Round "06"]
[TimeControl "180+1"]
[Date "2022.03.02"]
[WhiteClock "0:00:10"]
[BlackClock "0:00:05"]

1. d4 Nf6 2. Bf4 d5 3. e3 c5 4. c3 Nc6 5. Nd2 Bg4 6. Qb3 Qc8 7. dxc5 e5 8. Bg5 Be6 9. Bb5 Bxc5 10. Ngf3 Nd7 11. O-O O-O 12. Qd1 a6 13. Be2 f6 14. Bh4 Rd8 15. Re1 Be7 16. Qc2 Nc5 17. Rad1 Bf5 18. Qc1 Bd3 19. Nb3 Bxe2 20. Rxe2 e4 21. Nfd4 Nd3 22. Qb1 Nce5 23. Bg3 a5 24. Nc1 Nxc1 25. Qxc1 Nd3 26. Qb1 Bc5 27. Rxd3 exd3 28. Qxd3 Qg4 29. h3 Qe4 30. Qd1 Re8 31. Nf3 a4 32. a3 b5 33. Rd2 Rad8 34. Qe2 Qc4 35. Qd1 h5 36. Nd4 Bxd4 37. Rxd4 Qc6 38. Qxh5 Re4 39. Rd2 Qc4 40. Kh2 Rd7 41. Qg6 Qc6 42. Qf5 Qe6 43. Qf3 g5 44. Qe2 g4 45. h4 f5 46. Qxb5 Rc4 47. Qb8+ Kh7 48. Be5 Qg8 49. Qb5 Qd8 50. Bg3 Re4 51. Qc6 Ree7 52. Qf6 Rf7 53. Qe6 Rfe7 54. Qxf5+ Kh8 55. Be5+ Rxe5 56. Qxe5+ Rg7 57. Qh5+ Rh7 58. Qe5+ Rg7 59. g3 Qf8 60. Kg1 Qf3 61. Qh5+ Kg8 62. Qxd5+ Qxd5 63. Rxd5 Rb7 64. Rd2 Kf7 65. Kf1 Kf6 66. Ke2 Ke5 67. h5 Rh7 68. Rd4 Rb7 69. Rb4 Rh7 70. Rxa4 Kd5 71. Rxg4 Rxh5 72. Rd4+ Kc5 73. g4 Rh2 74. a4 Rg2 75. b4+ Kc6 76. c4 Rg1 77. a5 Rb1 78. b5+ Kc5 79. Kf3 Ra1 80. a6 Ra4 81. g5 Ra3 82. g6 Ra1 83. g7 Rg1 84. Rg4 Rg3+ 1-0


[Site "https://www.chess.com"]